 Dungeon Crawl Stone Soup version 0.29.1-2-gbd0b4ee654 (webtiles) character file.

Game seed: 12626921301436434479

6106 Zeld the Thaumaturge (level 10, -3/63 HPs)
             Began as a Demonspawn Conjurer on Oct 27, 2022.
             Was an Initiate of Gozag.
             Slain by a yak (13 damage)
             ... on level 9 of the Dungeon.
             The game lasted 00:18:05 (12864 turns).

Zeld the Thaumaturge (Demonspawn Conjurer)         Turns: 12864, Time: 00:18:06

Health: -3/63      AC:  6    Str:  8    XL:     10   Next: 58%
Magic:  0/32       EV: 14    Int: 23    God:    Gozag
Gold:   198        SH:  0    Dex: 12    Spells: 17/28 levels left

rFire   . . .      SeeInvis .   i - +2 whip (drain)
rCold   . . .      Faith    .   (no shield)
rNeg    . . .      Spirit   +   a - +0 robe
rPois   .          Reflect  .   (helmet restricted)
rElec   .          Harm     .   y - scarf {+Inv}
rCorr   .          Rampage  .   (no gloves)
Will    .....                   q - +0 pair of boots
Stlth   +++.......              (no amulet)
HPRegen 0.20/turn               v - ring of magical power
MPRegen 0.46/turn               D - ring of flight

@: flying, very slightly contaminated
A: antennae 1, molten scales 2, ignite blood 2, magic shield, magic regeneration
a: Renounce Religion, Evoke Invisibility, Potion Petition, Call Merchant, Bribe
Branch


You were on level 9 of the Dungeon.
You worshipped Gozag.
Gozag was aware of your devotion.
You visited 2 branches of the dungeon, and saw 11 of its levels.

You collected 1148 gold pieces.
You spent 157 gold pieces at shops.
You paid 793 gold pieces to Gozag.

Inventory:

Hand Weapons
 i - a +2 whip of draining (weapon)
Armour
 a - a +0 robe (worn)
 q - a +0 pair of boots (worn)
 y - a scarf of invisibility (worn)
Jewellery
 v - a ring of magical power (left hand)
 D - a ring of flight (right hand)
Wands
 e - a wand of polymorph (6)
 m - a wand of light (7)
 s - a wand of flame (49)
 u - a wand of paralysis (6)
 z - a wand of digging (5)
Scrolls
 b - 5 scrolls of identify {unknown}
 c - 3 scrolls of enchant armour {unknown}
 f - 2 scrolls of poison
 g - 4 scrolls of butterflies {unknown}
 h - 2 scrolls of torment {unknown}
 j - a scroll of fear {unknown}
 l - 4 scrolls of teleportation
 n - a scroll of vulnerability {unknown}
 t - 2 scrolls of enchant weapon {unknown}
 A - 2 scrolls of silence {unknown}
 F - 2 scrolls of blinking
 G - a scroll of noise {unknown}
 J - a scroll of brand weapon {unknown}
Potions
 d - 6 potions of curing
 k - 3 potions of resistance
 o - a potion of magic
 p - 2 potions of mutation {unknown}
 r - 4 potions of might {unknown}
 w - 2 potions of flight {unknown}
 x - a potion of ambrosia {unknown}
 B - 2 potions of heal wounds {unknown}
 C - a potion of brilliance {unknown}
 E - 2 potions of haste {unknown}
 H - a potion of berserk rage {unknown}
 I - a potion of lignification {unknown}


   Skills:
 + Level 6.8 Dodging
 + Level 7.4 Stealth
 * Level 9.6 Spellcasting
 + Level 8.3 Conjurations


You had 17 spell levels left.
You knew the following spells:

 Your Spells              Type           Power      Damage    Failure   Level
a - Magic Dart            Conj           100%       1d8       1%          1
b - Searing Ray           Conj           98%        2d8       1%          2
c - Fulminant Prism       Conj/Hex       15%        3d11      11%         4
d - Iskenderun's Mystic   Conj/Tloc      30%        2d8       11%         4

Your spell library contained the following spells:

 Spells                   Type           Power      Damage    Failure   Level
 Dazzling Flash           Conj/Hex       60%        N/A       3%          3
 Blink                    Tloc           22%        N/A       9%          2
 Ensorcelled Hibernation  Hex/Ice        22%        N/A       9%          2
 Passwall                 Tmut/Erth      9%         N/A       9%          2
 Lesser Beckoning         Tloc           11%        N/A       19%         3
 Swiftness                Air            11%        N/A       19%         3
 Manifold Assault         Tloc           11%        N/A       86%         5
 Malign Gateway           Summ/Tloc      5%         N/A       100%        7
 Disjunction              Tloc           5%         N/A       100%        8
 Summon Horrible Things   Summ           5%         N/A       100%        8


Dungeon Overview and Level Annotations

Branches:
Dungeon (10/15)            Temple (1/1) D:5            Lair (0/5) D:9
    Orc: D:9-12

Altars:
Ashenzari
Cheibriados
Dithmenos
Fedhas
Gozag
Hepliaklqana
Kikubaaqudgha
Makhleb
Nemelex Xobeh
Okawaru
Qazlal
Ru
Sif Muna
Trog
Uskayaw
Vehumet
Wu Jian
Xom
Yredelemnul

Shops:
D:8 *   D:9 =

Annotations:
D:9 exclusion: ice statue


Innate Abilities, Weirdness & Mutations

You have a pair of small antennae on your head.
You are mostly covered in molten scales. (AC +3)
Your demonic aura often causes spilled blood to erupt in flames.
When hurt, damage is shared between your health and your magic reserves.
You regenerate magic rapidly.


Message History

You are very lightly contaminated with residual magic.
Nothing appears to happen.
Unknown command.
Unknown command.
Casting: Iskenderun's Mystic Blast (dangerous; 11% risk of failure)
Confirm with . or Enter, or press ? or * to list all spells.
You miscast Iskenderun's Mystic Blast.
The air around you crackles with energy!
The yak barely misses you. The yak gores you but does no damage.
Unknown command.
Unknown command.
Unknown command.
Casting: Iskenderun's Mystic Blast (dangerous; 11% risk of failure)
Confirm with . or Enter, or press ? or * to list all spells.
You erupt in a blast of force!
The mystic blast hits the yak.
The yak is moderately wounded.
The yak is knocked back by the mystic blast.
The mystic blast hits the orc priest.
The orc priest is heavily wounded.
The orc priest is knocked back by the mystic blast.
The mystic blast hits the yak!
The yak is severely wounded.
The mystic blast hits the yak.
The yak is moderately wounded.
The mystic blast hits the yak.
The yak is heavily wounded.
The yak gores you! The yak gores you but does no damage.
The yak barely misses you.
Unknown command.
Unknown command.
The yak closely misses you. The yak gores you! x2
* * * LOW HITPOINT WARNING * * *
You fly upwards.
Level annotation: exclusion: ice statue
There is a stone staircase leading down, spattered with blood here.
The air fills with toxic fumes!
As you read the scroll labelled LODGHUCR CIELLO, it crumbles to dust.
It was a scroll of poison.
The yak gores you!
You die...
Your body crumbles into a pile of gold.

####### ###.#####.⌠.⌠..#####....
......####.....§§#8§∩.8.##.......
............#.##§#§⌠.⌠........##.
.###.....#..#.#§§§8.8.8.......##.
..≈...#..§§^...§§§............##.
#...#..##§§§#.#§§§............##<
#..P##.##§§§§§##§####....#.##....
.......#.§§§§§§YY# #.)..........
..>.P.≈##......#@# #...######)#.
.P.....##§§§§§§Y§# #...# #.#.
#.P.##.##§§§§§#§#####...## #.##
#...#..###§§§.§§.#.......#####.##
..≈...#.##§§.§§#.#.###.......#...
.###.....§§.####.#.###...##..####
........##.##...................#
##......##.##.##.#........#..##.#
##......##.##)##.#........#..##.#


You could see 3 yaks.

Vanquished Creatures
  Pikel (D:7)
  A wyvern (D:9)
  11 yaks
  2 steam dragons
  A warg (D:10)
  A water moccasin (D:7)
  An acid dragon (D:9)
  Duvessa (D:5)
  2 black bears (D:8)
  3 orc warriors
  3 sky beasts
  An ogre (D:5)
  3 phantoms
  5 kobold brigands
  Blork the orc (D:5)
  A bullfrog (D:7)
  A necrophage (D:4)
  4 scorpions
  A gnoll sergeant (D:7)
  3 wights (D:5)
  Dowan (D:5)
  6 howler monkeys
  2 hounds
  7 orc priests
  3 iguanas
  10 orc wizards
  Ijyb (D:5)
  7 gnolls
  10 adders
  3 ufetubi
  2 worms (D:4)
  4 dart slugs
  43 orcs
  7 endoplasms
  3 giant cockroaches
  7 goblins
  8 hobgoblins
  2 jackals (D:4)
  18 kobolds
  4 quokkas
  7 ball pythons
  9 bats
  3 frilled lizards
  5 rats
219 creatures vanquished.

Vanquished Creatures (others)
  An orc wizard (D:8)
  29 fulminant prisms
  2 fungi (D:9)
  3 plants (D:9)
35 creatures vanquished.

Grand Total: 254 creatures vanquished

Notes
Turn   | Place    | Note
-------+----------+-------------------------------------------
     0 | D:1      | Zeld the Demonspawn Conjurer began the quest for the Orb.
     0 | D:1      | Reached XP level 1. HP: 13/13 MP: 3/3
   118 | D:1      | Gained mutation: You are partially covered in molten
                  | scales. (AC +2) [demonic ancestry]
   118 | D:1      | Reached XP level 2. HP: 6/19 MP: 1/5
   829 | D:1      | Gained mutation: You regenerate magic rapidly. [demonic
                  | ancestry]
   829 | D:1      | Reached XP level 3. HP: 24/24 MP: 4/6
   832 | D:1      | Learned a level 2 spell: Searing Ray
  1847 | D:2      | Reached skill level 3 in Spellcasting
  1949 | D:2      | Gained mutation: When hurt, damage is shared between your
                  | health and your magic reserves. [demonic ancestry]
  1949 | D:2      | Reached XP level 4. HP: 30/30 MP: 4/8
  2703 | D:3      | Found a basalt altar of Yredelemnul.
  3057 | D:4      | Found a shadowy altar of Dithmenos.
  3338 | D:4      | Gained mutation: Your demonic aura sometimes causes spilled
                  | blood to erupt in flames. [demonic ancestry]
  3338 | D:4      | Reached XP level 5. HP: 35/35 MP: 3/10
  3762 | D:4      | Noticed a phantom
  3771 | D:4      | Killed a phantom
  3772 | D:4      | Reached skill level 4 in Spellcasting
  3772 | D:4      | Gained mutation: Your demonic aura often causes spilled
                  | blood to erupt in flames. [demonic ancestry]
  3772 | D:4      | Reached XP level 6. HP: 41/41 MP: 12/12
  3973 | D:5      | Entered Level 5 of the Dungeon
  3995 | D:5      | Reached skill level 5 in Conjurations
  4028 | D:5      | Noticed Blork the orc
  4063 | D:5      | Learned a level 4 spell: Fulminant Prism
  4068 | D:5      | Learned a level 4 spell: Iskenderun's Mystic Blast
  4083 | D:5      | Killed Blork the orc
  4102 | D:5      | Gained mutation: You have a pair of small antennae on your
                  | head. [demonic ancestry]
  4102 | D:5      | Reached XP level 7. HP: 45/46 MP: 1/14
  4328 | D:5      | Noticed Dowan
  4329 | D:5      | Noticed Duvessa
  4576 | D:6      | Reached skill level 5 in Spellcasting
  5232 | D:5      | Killed Dowan
  5236 | D:5      | Found an ornate altar of the Wu Jian Council.
  5548 | D:5      | Killed Duvessa
  5556 | D:5      | Reached XP level 8. HP: 37/52 MP: 4/16
  5747 | D:5      | Reached skill level 6 in Spellcasting
  5774 | D:5      | Noticed Ijyb
  5833 | D:5      | Killed Ijyb
  5884 | D:5      | Found a staircase to the Ecumenical Temple.
  5940 | Temple   | Entered the Ecumenical Temple
  6508 | D:5      | You fall into a shaft and drop 1 floor!
  6650 | D:5      | Found a shimmering altar of Xom.
  6653 | D:5      | Found a stormy altar of Qazlal.
  6653 | D:5      | Found a hazy altar of Hepliaklqana.
  6655 | D:5      | Found an ancient bone altar of Kikubaaqudgha.
  6655 | D:5      | Found a shadowy altar of Dithmenos.
  6841 | D:6      | Reached skill level 5 in Stealth
  7202 | D:6      | Reached skill level 5 in Dodging
  7203 | D:6      | Reached skill level 7 in Spellcasting
  7506 | D:6      | Found a stormy altar of Qazlal.
  7556 | D:6      | Found an ancient bone altar of Kikubaaqudgha.
  7558 | D:6      | Found a snail-covered altar of Cheibriados.
  7562 | D:6      | Found a hazy altar of Hepliaklqana.
  7864 | D:7      | Gained mutation: You are mostly covered in molten scales.
                  | (AC +3) [demonic ancestry]
  7864 | D:7      | Reached XP level 9. HP: 44/57 MP: 19/19
  8100 | D:7      | Noticed Pikel
  8109 | D:7      | Killed Pikel
  8514 | D:7      | Found an opulent altar of Gozag.
  8520 | D:7      | Became a worshipper of Gozag Ym Sagoz the Greedy
  9035 | D:7      | Reached skill level 8 in Spellcasting
  9802 | D:8      | Got the Grimoire of Orientation
 10658 | D:8      | Found a broken altar of Ashenzari.
 10682 | D:8      | Reached XP level 10. HP: 53/63 MP: 8/22
 10814 | D:8      | Bought a scroll of teleportation for 45 gold pieces
 10814 | D:8      | Bought a scroll of blinking for 112 gold pieces
 10966 | D:9      | Reached skill level 9 in Spellcasting
 11113 | D:9      | Noticed an ice statue
 11277 | D:9      | Found Tepus's Jewellery Emporium.
 11654 | D:9      | Found a staircase to the Lair.
 12049 | D:10     | Entered Level 10 of the Dungeon
 12864 | D:9      | Slain by a yak

Illustrated notes

Levels and vault maps discovered:
D:1:      dpeg_arrival_arbitrary_b, layout_basic, minmay_misc_feat_hallway
D:2:      layout_basic, grunt_ministairs_1
D:3:      layout_basic, yredelemnul_altar_generic, serial_glass,
          glass_columns_a, glass_columns_a, minmay_misc_feat_doors,
          minmay_door_square, kennysheep_generic_room_8
D:4:      layout_gridville, grunt_dithmenos_smoke_and_mirrors,
          minmay_misc_feat_x
D:5:      layout_rooms, doesnt_xom_only_xom, mainiacjoe_overflow_tiny_flanked,
          mainiacjoe_overflow_brackets, minmay_temple_entry_trees, uniq_duvessa,
          uniq_ijyb, uniq_blork_the_orc
D:6:      layout_basic, mainiacjoe_overflow_alcove_4, minitemple,
          minmay_unpleasant_kobolds
D:7:      layout_basic, nicolae_gozag_cash_rules_everything_around_me,
          serial_corexii_hall, chequers_hall_statues_y,
          chequers_hall_statues_corner_a, uniq_pikel
D:8:      layout_basic, mainiacjoe_overflow_paths
D:9:      layout_loops_cross, dpeg_oklobed_lair, serial_shops,
          nicolae_shop_temple_entry_statues_fountains, minivault_16
D:10:     layout_roguey, erik_orc_4
Temple:   grunt_temple_mini_profane

Skill      XL: |  1  2  3  4  5  6  7  8  9 10 |
---------------+-------------------------------+-----
Dodging        | 2 3 4 5 6 |  6.8
Stealth        | 2 3 4 5 6 7 |  7.4
Spellcasting   | 3 4 5 7 8 9 |  9.6
Conjurations   | 5 6 7 8 |  8.3

Action                   |  1- 3 |  4- 6 |  7- 9 | 10-12 || total
-------------------------+-------+-------+-------+-------++-------
Melee: Unarmed           |     5 |       |       |       ||     5
       Whip              |       |       |    23 |     2 ||    25
 Cast: Magic Dart        |    93 |    72 |    16 |    10 ||   191
       Searing Ray       |       |    19 |    64 |    17 ||   100
       Fulminant Prism   |       |     2 |    19 |     9 ||    30
       Iskenderun's Myst |       |     1 |    23 |    32 ||    56
Invok: Call Merchant     |       |       |       |     1 ||     1
Evoke: Wand              |       |       |       |     3 ||     3
  Use: Potion            |     1 |       |       |       ||     1
       Scroll            |       |       |       |     1 ||     1
 Stab: Sleeping          |       |       |     1 |       ||     1
Armor: Robe              |     3 |    12 |    46 |    14 ||    75
Dodge: Dodged            |    14 |    21 |   122 |    36 ||   193
